 Dungeon Crawl Stone Soup version 0.29.1-2-gbd0b4ee654 (webtiles) character file.

Game seed: 15790846460515060578

75077 fantasyman the Impaler (level 15, -5/139 HPs)
             Began as a Minotaur Fighter on Nov 14, 2022.
             Was the Champion of Okawaru.
             Slain by a boulder beetle (18 damage)
             ... summoned by an orange crystal statue
             ... on level 14 of the Dungeon.
             The game lasted 00:42:26 (25117 turns).

fantasyman the Impaler (Minotaur Fighter)          Turns: 25117, Time: 00:42:26

Health: -5/139     AC: 24    Str: 28    XL:     15   Next: 8%
Magic:  0/14       EV: 13    Int: -4 (3) God:    Okawaru [******]
Gold:   1084       SH:  0    Dex: 20    Spells: 14/14 levels left

rFire   + . .      SeeInvis .   e - +3 demon trident (drain)
rCold   x . .      Faith    .   H - +0 kite shield
rNeg    + + .      Spirit   .   Q - +2 plate armour {rF+}
rPois   .          Reflect  +   F - +0 hat
rElec   .          Harm     .   U - scarf {repulsion}
rCorr   .          Rampage  .   h - +2 pair of gloves
Will    +....                   q - +0 pair of boots
Stlth   ..........              z - amulet "Rouheg" {Reflect Fragile rC- rN++ Str+4 SH+5}
HPRegen 0.33/turn               f - +4 ring of slaying
MPRegen 0.14/turn               v - +4 ring of slaying

@: confused, slowed, lost intelligence, invisible, repel missiles, unable to
read, very slow
A: horns 2, retaliatory headbutt, agile 2, subdued magic 1, [low MP 2]
a: Renounce Religion, Heroism, Finesse, Duel


You were on level 14 of the Dungeon.
You worshipped Okawaru.
Okawaru was exalted by your worship.
You visited 4 branches of the dungeon, and saw 22 of its levels.
You visited the Abyss 1 time.

You collected 1762 gold pieces.
You spent 649 gold pieces at shops.
You donated 29 gold pieces to Zin.

Inventory:

Hand Weapons
 e - a +3 demon trident of draining (weapon)
 K - a +2 glaive of venom
 S - a +2 glaive of protection
Missiles
 C - a throwing net
Armour
 h - a +2 pair of gloves (worn)
 q - a +0 pair of boots (worn)
 F - a +0 hat (worn)
 H - a +0 kite shield (worn)
 Q - a +2 plate armour of fire resistance (worn)
 U - a scarf of repulsion (worn)
Jewellery
 f - a +4 ring of slaying (left hand)
 i - a +6 ring of dexterity
 n - a ring of see invisible
 o - a ring of protection from fire
 r - the ring "Zalenev" {rC+ Will+ rCorr}
   (You found it on level 2 of the Lair of Beasts)

   [ring of resist corrosion]

   rC:        It protects you from cold.
   rCorr:     It protects you from acid and corrosion.
   Will:      It increases your willpower.
 t - a ring of ice
 v - a +4 ring of slaying (right hand)
 z - the amulet "Rouheg" (around neck) {Reflect Fragile rC- rN++ Str+4 SH+5}
   (You bought it in a shop on level 10 of the Dungeon)

   [amulet of reflection]

   It reflects blocked missile attacks.
   Str:       It affects your strength (+4).
   rC:        It makes you vulnerable to cold.
   rN:        It greatly protects you from negative energy.
   Fragile:   It will be destroyed if unequipped.
   SH:        It affects your SH (+5).
 O - a ring of poison resistance
 R - a ring of resist corrosion
 T - the ring "Peemn" {Fly rPois MP+9 Dex-4 Stlth+}
   (You found it on level 5 of the Lair of Beasts)

   [ring of flight]

   Dex:       It affects your dexterity (-4).
   rPois:     It protects you from poison.
   MP:        It affects your magic capacity (+9).
   Fly:       It grants you flight.
   Stlth:     It makes you more stealthy.
 V - a +6 ring of dexterity
Wands
 c - a wand of paralysis (12)
 p - a wand of digging (8)
 w - a wand of flame (33)
 A - a wand of roots (24)
 I - a wand of polymorph (13)
 L - a wand of light (3)
Scrolls
 a - 10 scrolls of identify
 j - 2 scrolls of magic mapping
 s - a scroll of amnesia
 x - 3 scrolls of fear
 y - 2 scrolls of enchant armour
 B - 6 scrolls of teleportation
 D - a scroll of blinking
Potions
 b - 3 potions of ambrosia
 d - 5 potions of might
 g - 2 potions of resistance
 k - 4 potions of haste
 l - 6 potions of flight
 m - 4 potions of mutation
 u - 4 potions of brilliance
 E - 9 potions of lignification
 J - a potion of cancellation
 N - 3 potions of curing
 P - 2 potions of heal wounds


   Skills:
 * Level 14.9 Fighting
 - Level 2.4(11.8) Axes
 * Level 17.7 Polearms
 * Level 15.5 Armour
 * Level 9.8 Dodging
 * Level 12.7 Shields
 * Level 5.0 Invocations


You had 14 spell levels left.
You didn't know any spells.
Your spell library contained the following spells:

 Spells                   Type           Power      Damage    Failure   Level
 Apportation              Tloc           0%         N/A       100%        1
 Necrotise                Necr           0%         1d4       100%        1
 Sandblast                Erth           0%         2d4       100%        1
 Blink                    Tloc           0%         N/A       100%        2
 Passwall                 Tmut/Erth      0%         N/A       100%        2
 Confusing Touch          Hex            0%         N/A       100%        3
 Frozen Ramparts          Ice            0%         1d1       100%        3
 Stone Arrow              Conj/Erth      0%         3d7       100%        3
 Airstrike                Air            0%         2d(0-16)  100%        4
 Corpse Rot               Necr/Pois/Air  0%         N/A       100%        4
 Ice Form                 Ice/Tmut       0%         N/A       100%        4
 Alistair's Intoxication  Tmut/Pois      0%         N/A       100%        5
 Blade Hands              Tmut           0%         N/A       100%        5
 Lightning Bolt           Conj/Air       0%         1d11      100%        5
 Manifold Assault         Tloc           0%         N/A       100%        5
 Yara's Violent Unravell  Hex/Tmut       0%         3d3       100%        5
 Eringya's Noxious Bog    Tmut/Pois      0%         N/A       100%        6
 Iron Shot                Conj/Erth      0%         9d1       100%        6
 Enfeeble                 Hex            0%         N/A       100%        7
 Storm Form               Tmut/Air       0%         N/A       100%        7
 Lehudib's Crystal Spear  Conj/Erth      0%         10d2      100%        8
 Animate Armour           Summ/Erth      Unusable   N/A       N/A         4
 Summon Lightning Spire   Summ/Air       Unusable   N/A       N/A         4
 Summon Forest            Summ/Tloc      Unusable   N/A       N/A         5
 Haunt                    Necr/Summ      Unusable   N/A       N/A         7
 Summon Hydra             Summ           Unusable   N/A       N/A         7

Dungeon Overview and Level Annotations

Branches:
Dungeon (14/15)            Temple (1/1) D:7            Lair (5/5) D:11
  Swamp (0/4) Lair:2       Spider (0/4) Lair:2        Slime (0/5) Lair:4
    Orc (2/2) D:12            Elf (0/3) Orc:2
 Vaults: D:13-14

Altars:
Ashenzari
Cheibriados
Dithmenos
Elyvilon
Fedhas
Gozag
Hepliaklqana
Kikubaaqudgha
Makhleb
Nemelex Xobeh
Okawaru
Qazlal
Ru
Sif Muna
Trog
Uskayaw
Vehumet
Wu Jian
Xom
Yredelemnul
Zin
The Shining One
Jiyva
Lugonu

Shops:
D:3 [   D:7 (   D:10 =   Orc:2 =[(?

Portals:
Abyss: Lair:5

Annotations:
D:8 4 transporters
D:14 exclusion: 3 orange crystal statues
Orc:1 2 transporters, mkat's ghost, journeyman OgFi


Innate Abilities, Weirdness & Mutations

You have a pair of horns on your head.
You reflexively headbutt those who attack you in melee.
You are very agile. (Dex +8, Str/Int -2)
Your spells are a little easier to cast, but a little less powerful.
[Your magical capacity is very low. (-20% MP)]


Message History

You block the seven-headed hydra's attack.
The seven-headed hydra misses you.
The centaur shoots an arrow.
The arrow hits the boulder beetle but does no damage.
As you open the door, it creaks loudly!
The centaur shoots an arrow.
The tengu warrior blocks the arrow.
The centaur warrior shoots an arrow.
The arrow hits the tengu warrior!
The orange crystal statue glitters topaz in the dim dungeon light.
The orange crystal statue fixes its piercing gaze on you.
Something tries to feed on your intellect!
The orange crystal statue glitters.
You are confused.
The centaur shoots an arrow.
The arrow closely misses the tengu warrior.
The arrow closely misses you.
The seven-headed hydra bites you but does no damage.
The seven-headed hydra bites you!
* * * LOW HITPOINT WARNING * * *
The seven-headed hydra barely misses you.
The seven-headed hydra bites you!
* * * LOW HITPOINT WARNING * * *
The seven-headed hydra closely misses you.
The seven-headed hydra bites you but does no damage. x2
The centaur warrior shoots an arrow.
The arrow closely misses you.
The orange crystal statue fixes its piercing gaze on you.
Something tries to feed on your intellect!
The orange crystal statue fixes its piercing gaze on you.
You feel your power leaking away.
The centaur shoots an arrow.
The arrow hits the boulder beetle but does no damage.
The tengu warrior shouts!
The centaur warrior shoots an arrow.
The arrow barely misses the boulder beetle.
The centaur shoots an arrow.
The arrow barely misses you.
The orange crystal statue fixes its piercing gaze on you.
The orange crystal statue glitters.
You are more confused.
The centaur warrior shoots an arrow.
The arrow barely misses you.
The centaur shoots an arrow.
The arrow hits the seven-headed hydra!
The boulder beetle bites you!!
You die...

###########
####.........##
#.............#
#.#########.#.#
#.#8..°...#.#.#
#.#.#...#.#.# #
#.#...c..@#.#
###.'..yQDBT'.#
#...#...clc.#.#
####.#.#.#...#.#.#.#####
#......#8.....8#.[......
#......#########.........
#............
...........+ #.........##
#..........#
#.........###
#..........#


You could see a boulder beetle (summoned, unable to see you), a seven-headed
hydra (summoned, unable to see you), 3 orange crystal statues, a tengu warrior
(summoned, unable to see you), a centaur warrior (summoned, unable to see you),
a troll (summoned, unable to see you), a basilisk (summoned, unable to see you),
a vampire mosquito (summoned, unable to see you) and 2 centaurs.

Vanquished Creatures
  Kirke (D:13)
  Frances (D:13)
  The ghost of nickcage the Minotaur Blade, a journeyman MiMo of Qazlal (Orc:2)
  Azrael (D:13)
  Snorg (D:13)
  A great orb of eyes (Abyss:3)
  6 hydras
  2 ogre magi (Orc:2)
  3 two-headed ogres
  3 centaur warriors
  2 death yaks (Lair:3)
  A tengu warrior (D:12)
  3 thrashing horrors (Lair:5)
  Urug (Lair:3)
  A wretched star (Abyss:3)
  Nergalle (D:11)
  A wizard (D:14)
  Pikel (D:8)
  A lindwurm (Lair:5)
  9 orc sorcerers (Orc:2)
  8 ugly things
  2 moths of wrath (Orc:2)
  8 slime creatures
  A manticore (shapeshifter) (Lair:5)
  4 cyclopes
  A worldbinder (Abyss:3)
  9 elephants
  3 smoke demons (Lair:5)
  4 black mambas
  10 cane toads
  2 gargoyles
  2 torpor snails
  2 rime drakes
  An unseen horror (D:12)
  8 komodo dragons
  A kobold demonologist (D:12)
  An efreet (Abyss:3)
  A freezing wraith (D:14)
  5 polar bears
  3 meliai (D:14)
  4 trolls
  An ancient zyme (Lair:5)
  21 blink frogs
  2 dream sheep (Lair:2)
  A vampire (D:10)
  A ynoxinul (Lair:5)
  3 spriggans
  6 basilisks
  9 wyverns
  2 fire elementals (D:13)
  A wraith (D:10)
  A hog (D:13)
  2 humans (D:13)
  33 yaks
  3 chaos spawn
  5 steam dragons
  A golden eye (shapeshifter) (Lair:5)
  8 vampire mosquitoes
  9 wargs
  2 acid dragons (D:10)
  18 water moccasins
  A large abomination (Lair:5)
  6 hell hounds
  A black bear (Lair:3)
  9 orc warriors
  3 sky beasts
  An ice beast (D:6)
  6 ogres
  16 wolves
  4 boggarts (Lair:3)
  2 centaurs
  4 phantoms
  A lemure (D:8)
  2 kobold brigands
  14 bullfrogs
  2 scorpions
  A gnoll sergeant (D:7)
  8 wights
  24 killer bees
  9 howler monkeys
  7 starcursed masses (Abyss:3)
  A jelly (D:6)
  3 hounds
  5 orc priests
  Crazy Yiuf (D:6)
  A gnoll bouda (D:6)
  An iron imp (D:9)
  4 iguanas
  29 orc wizards
  4 hell rats (Lair:3)
  11 small abominations
  14 gnolls
  6 adders
  A shadow imp (D:7)
  2 ufetubi
  2 worms
  4 dart slugs
  41 orcs
  4 endoplasms
  4 giant cockroaches
  8 goblins
  6 hobgoblins
  2 jackals (D:3)
  4 quokkas
  3 training dummies (D:7)
  11 ball pythons
  3 bats
  2 frilled lizards
  21 kobolds
  8 rats (D:1)
577 creatures vanquished.

Vanquished Creatures (others)
  An orange crystal statue (D:14)
  An orc (D:8)
  19 fungi
  55 plants
76 creatures vanquished.

Grand Total: 653 creatures vanquished

Notes
Turn   | Place    | Note
-------+----------+-------------------------------------------
     0 | D:1      | fantasyman the Minotaur Fighter began the quest for the
                  | Orb.
     0 | D:1      | Reached XP level 1. HP: 19/19 MP: 0/0
    90 | D:1      | Reached XP level 2. HP: 21/27 MP: 1/1
   245 | D:1      | Found a faded altar of an unknown god.
   308 | D:1      | Reached skill level 1 in Polearms
   870 | D:1      | Reached XP level 3. HP: 33/33 MP: 2/2
  1358 | D:2      | Reached skill level 2 in Polearms
  1612 | D:2      | Reached XP level 4. HP: 34/40 MP: 3/3
  1859 | D:3      | Reached skill level 3 in Polearms
  1861 | D:3      | Reached skill level 1 in Dodging
  1879 | D:3      | Reached XP level 5. HP: 12/47 MP: 4/4
  2379 | D:3      | Found a broken altar of Ashenzari.
  2680 | D:3      | Found Getwuo's Antique Armour Shop.
  2961 | D:4      | Reached skill level 4 in Polearms
  3086 | D:4      | Noticed a phantom
  3095 | D:4      | Killed a phantom
  3096 | D:4      | Reached XP level 6. HP: 53/53 MP: 5/5
  3184 | D:4      | Reached skill level 5 in Polearms
  3185 | D:4      | Reached skill level 5 in Armour
  3342 | D:4      | Identified the +2 short sword of Mandamus {flame, Dex+3}
  3552 | D:4      | Found an ornate altar of the Wu Jian Council.
  3882 | D:4      | Found a shimmering altar of Xom.
  3978 | D:4      | Reached skill level 5 in Fighting
  4570 | D:4      | Gained mutation: Your spells are a little harder to cast,
                  | but a little more powerful. [potion of mutation]
  4570 | D:4      | Gained mutation: You have hidden genetic defects. [potion
                  | of mutation]
  4570 | D:4      | Gained mutation: You are dopey. (Int -2) [potion of
                  | mutation]
  4604 | D:5      | Entered Level 5 of the Dungeon
  4637 | D:5      | Reached XP level 7. HP: 61/61 MP: 6/6
  4668 | D:5      | Reached skill level 6 in Polearms
  4670 | D:5      | Gained mutation: You do not regenerate when monsters are
                  | visible. [hidden defects]
  5332 | D:6      | Found a stormy altar of Qazlal.
  5352 | D:6      | Reached skill level 5 in Shields
  5367 | D:6      | Gained mutation: You occasionally lose the ability to drink
                  | potions when taking damage. [hidden defects]
  5367 | D:6      | Lost mutation: You have hidden genetic defects. [hidden
                  | defects expressed]
  5375 | D:6      | Reached skill level 7 in Polearms
  5438 | D:6      | Got the Disquisition on Bloody Frostbite
  5447 | D:6      | Reached XP level 8. HP: 69/69 MP: 7/7
  5601 | D:6      | Reached skill level 8 in Polearms
  6062 | D:6      | Found a runed translucent door.
  6063 | D:6      | Noticed Crazy Yiuf
  6068 | D:6      | Killed Crazy Yiuf
  6284 | D:7      | Reached skill level 9 in Polearms
  6332 | D:7      | Found Sassomeg's Firing Range.
  6626 | D:7      | Reached XP level 9. HP: 73/75 MP: 8/8
  6636 | D:7      | Found a staircase to the Ecumenical Temple.
  6644 | Temple   | Entered the Ecumenical Temple
  6663 | Temple   | Became a worshipper of the Shining One
  6684 | Temple   | Fell from the grace of the Shining One
  6684 | Temple   | Became a worshipper of Elyvilon the Healer
  6865 | Temple   | Fell from the grace of Elyvilon
  6865 | Temple   | Became a worshipper of Zin the Law-Giver
  6865 | Temple   | Reached * piety under Zin
  6879 | Temple   | Fell from the grace of Zin
  6879 | Temple   | Became a worshipper of Warmaster Okawaru
  7470 | D:8      | Reached skill level 10 in Polearms
  7559 | D:8      | Found a transporter.
  7566 | D:8      | Found a transporter.
  7570 | D:8      | Reached * piety under Okawaru
  7577 | D:8      | Found a transporter.
  7577 | D:8      | Found a transporter.
  7580 | D:8      | Found a transporter.
  7580 | D:8      | Found a transporter.
  7694 | D:8      | Noticed Pikel
  7701 | D:8      | Killed Pikel
  7701 | D:8      | Reached ** piety under Okawaru
  7993 | D:8      | Reached skill level 11 in Polearms
  8229 | D:9      | Found a blossoming altar of Fedhas.
  8230 | D:9      | Noticed a troll
  8619 | D:9      | Reached XP level 10. HP: 78/86 MP: 9/9
  8768 | D:9      | Reached *** piety under Okawaru
  8769 | D:9      | Reached skill level 5 in Dodging
  9137 | D:9      | Found a snail-covered altar of Cheibriados.
  9251 | D:9      | Reached skill level 12 in Polearms
  9470 | D:9      | Lost mutation: You do not regenerate when monsters are
                  | visible. [potion of mutation]
  9470 | D:9      | Lost mutation: You are dopey. (Int -2) [potion of mutation]
  9470 | D:9      | Lost mutation: You occasionally lose the ability to drink
                  | potions when taking damage. [potion of mutation]
  9470 | D:9      | Gained mutation: You have hidden genetic defects. [potion
                  | of mutation]
  9483 | D:9      | Found a burning altar of Makhleb.
  9634 | D:10     | Entered Level 10 of the Dungeon
  9675 | D:10     | Reached **** piety under Okawaru
  9714 | D:10     | Found a hide-covered altar of Uskayaw.
  9865 | D:10     | Found Oklunib's Jewellery Emporium.
  9919 | D:10     | Identified the +6 ring mail of Duty {rN+ Str+2 Int-2 Dex+8}
 10000 | D:10     | Gained mutation: Armour fits poorly on your strangely
                  | shaped body. [hidden defects]
 10474 | D:10     | Reached skill level 13 in Polearms
 10492 | D:10     | Gained mutation: Your body sometimes deteriorates upon
                  | taking damage. [hidden defects]
 10492 | D:10     | Lost mutation: You have hidden genetic defects. [hidden
                  | defects expressed]
 10649 | D:11     | Noticed Nergalle
 10654 | D:11     | Killed Nergalle
 10655 | D:11     | Reached XP level 11. HP: 95/95 MP: 10/10
 10721 | D:11     | Reached ***** piety under Okawaru
 11037 | D:11     | Found a staircase to the Lair.
 11093 | D:11     | Noticed a two-headed ogre
 11100 | D:11     | Killed a two-headed ogre
 11101 | D:11     | Reached skill level 10 in Armour
 11612 | D:12     | Noticed a centaur warrior
 11617 | D:12     | Killed a centaur warrior
 11722 | D:12     | Reached skill level 14 in Polearms
 11755 | D:12     | Received a gift from Okawaru
 11875 | D:12     | Noticed a tengu warrior
 11878 | D:12     | Killed a tengu warrior
 12016 | D:12     | Noticed a red ugly thing
 12023 | D:12     | Killed a red ugly thing
 12125 | D:12     | Noticed a two-headed ogre
 12125 | D:12     | Noticed a cyan ugly thing
 12130 | D:12     | Killed a two-headed ogre
 12136 | D:12     | Killed a cyan ugly thing
 12280 | D:12     | Found a staircase to the Orcish Mines.
 12355 | D:12     | Reached skill level 10 in Fighting
 12728 | D:12     | Noticed a purple ugly thing
 12734 | D:12     | Killed a purple ugly thing
 12735 | D:12     | Reached XP level 12. HP: 105/106 MP: 11/11
 12779 | Lair:1   | Entered Level 1 of the Lair of Beasts
 13153 | Lair:1   | Reached skill level 15 in Polearms
 13158 | Lair:1   | Reached ****** piety under Okawaru
 13158 | Lair:1   | Received a gift from Okawaru
 13678 | Lair:1   | Noticed a six-headed hydra
 13684 | Lair:1   | Killed a six-headed hydra
 14715 | Lair:2   | Identified the ring "Zalenev" {rC+ Will+ rCorr}
 14778 | Lair:2   | Found a hole to the Spider Nest.
 15246 | Lair:2   | Found a staircase to the Swamp.
 15260 | Lair:2   | Noticed an eight-headed hydra
 15270 | Lair:2   | Killed an eight-headed hydra
 15502 | Lair:2   | Received a gift from Okawaru
 15503 | Lair:2   | Reached XP level 13. HP: 91/117 MP: 12/12
 15932 | Lair:2   | Reached skill level 10 in Shields
 15937 | Lair:2   | Reached skill level 1 in Invocations
 16158 | Lair:3   | Noticed Urug
 16173 | Lair:3   | Killed Urug
 16488 | Lair:3   | Identified the +0 ring mail "Inlorhoa" {Fly Str+4 Int-4
                  | Dex+3}
 16521 | Lair:3   | Reached skill level 16 in Polearms
 17443 | Lair:4   | Found a staircase to the Slime Pits.
 17444 | Lair:4   | Found a viscous altar of Jiyva.
 17896 | Lair:4   | Lost mutation: Your body sometimes deteriorates upon taking
                  | damage. [potion of mutation]
 17896 | Lair:4   | Lost mutation: Your spells are a little harder to cast, but
                  | a little more powerful. [potion of mutation]
 17896 | Lair:4   | Lost mutation: Armour fits poorly on your strangely shaped
                  | body. [potion of mutation]
 17896 | Lair:4   | Gained mutation: You are agile. (Dex +4, Str/Int -1)
                  | [potion of mutation]
 17896 | Lair:4   | Gained mutation: You are very agile. (Dex +8, Str/Int -2)
                  | [potion of mutation]
 17896 | Lair:4   | Gained mutation: Your spells are a little easier to cast,
                  | but a little less powerful. [potion of mutation]
 18134 | Lair:5   | Entered Level 5 of the Lair of Beasts
 18143 | Lair:5   | Identified the +2 scale mail "Bane" {rN+ Will- Dex+4}
                  | (Okawaru gifted it to you on level 5 of the Lair of Beasts)
 18143 | Lair:5   | Received a gift from Okawaru
 18871 | Lair:5   | Reached XP level 14. HP: 118/129 MP: 15/15
 19446 | Lair:5   | Received a gift from Okawaru
 19482 | Lair:5   | Found the +3 pair of gauntlets of War {Slay+5}
 19483 | Lair:5   | Found a corrupted altar of Lugonu.
 19483 | Lair:5   | Found a one-way gate to the infinite horrors of the Abyss.
 19489 | Lair:5   | Identified the ring "Peemn" {Fly rPois MP+9 Dex-4 Stlth+}
 19508 | Lair:5   | Identified the +1 leather armour "Nautsef" {rF+ rC+}
 20400 | Orc:1    | Entered Level 1 of the Orcish Mines
 20494 | Orc:1    | Found a transporter.
 20500 | Orc:1    | Noticed mkat's ghost (journeyman OgFi)
 20503 | Orc:1    | Found a bloodstained altar of Trog.
 20503 | Orc:1    | Found a transporter.
 20515 | Orc:1    | Noticed a stone giant
 20699 | Orc:2    | Entered Level 2 of the Orcish Mines
 20714 | Orc:2    | Found a transporter.
 20722 | Orc:2    | Noticed nickcage's ghost (journeyman MiMo)
 20786 | Orc:2    | Found a radiant altar of Vehumet.
 20795 | Orc:2    | Reached skill level 17 in Polearms
 20814 | Orc:2    | Found Gustro's Jewellery Boutique.
 21028 | Orc:2    | Found Pumetru's Magic Scroll Shop.
 21066 | Orc:2    | Found an ancient bone altar of Kikubaaqudgha.
 21109 | Orc:2    | Found Lehythry's Antique Armour Shop.
 21134 | Orc:2    | Reached skill level 15 in Armour
 21216 | Orc:2    | Found Haulux's Antique Weapon Boutique.
 21455 | Orc:2    | Found a staircase to the Elven Halls.
 21568 | Orc:2    | Found a transporter.
 21660 | Orc:2    | Killed nickcage's ghost
 21660 | Orc:2    | Identified the +0 chain mail of the Exiled Stars {rN+
                  | Str+3} (Okawaru gifted it to you on level 2 of the Orcish
                  | Mines)
 21660 | Orc:2    | Received a gift from Okawaru
 22137 | Orc:2    | Identified the +0 helmet of Catatonia {rC- Str+3 Int+6}
 23371 | D:10     | Bought the amulet "Rouheg" {Reflect Fragile rC- rN++ Str+4
                  | SH+5} for 649 gold pieces
 23515 | D:13     | Noticed Snorg
 23528 | D:13     | Killed Snorg
 23534 | D:13     | Noticed Kirke
 23543 | D:13     | Noticed Azrael
 23544 | D:13     | Killed Kirke
 23554 | D:13     | Killed Azrael
 23674 | D:13     | Noticed Frances
 23687 | D:13     | Killed Frances
 23795 | D:13     | Found a shimmering blue altar of Sif Muna.
 24475 | D:14     | Found a runed translucent door.
 24481 | D:14     | Found the +10 tower shield of Ignorance {rN+ Int-4}
 24499 | D:14     | Found a runed translucent door.
 24832 | Abyss:3  | Cast into level 3 of the Abyss (a wizard)
 24906 | Abyss:3  | Reached XP level 15. HP: 133/139 MP: 8/17
 24923 | Abyss:3  | Reached skill level 5 in Invocations
 25065 | Abyss:3  | Noticed a tentacled starspawn
 25074 | D:14     | Escaped the Abyss
 25081 | D:14     | Lost intelligence.
 25117 | D:14     | Slain by a boulder beetle

Illustrated notes

Levels and vault maps discovered:
D:1:      dpeg_arrival_stone_temple_mockup, layout_loops_ring,
          ebering_ecumenical_altar_webs, minmay_misc_feat_chi,
          chequers_serial_rivers_room_a, st_stairs_13
D:2:      layout_loops_corners
D:3:      layout_basic, cheibrodos_ashenzari_chains, serial_shops, shop,
          kennysheep_generic_room_9
D:4:      layout_layer_cave, xom_teletrap_fun,
          nicolae_wu_jian_immortal_techniques
D:5:      layout_loops_ring
D:6:      layout_basic, nicolae_qazlal_general_emergency, st_stairs_9,
          grunt_ministairs_6, kennysheep_flooded_box, hex_medium, dk_vineyard_1,
          uniq_crazy_yiuf_cottage
D:7:      layout_loops_ring, minmay_temple_entry_nine_rooms,
          nicolae_shop_firing_range
D:8:      layout_rooms, grunt_decor_fettered, serial_nicolae_subway,
          nicolae_sub_station_metal, nicolae_sub_station_crystal,
          nicolae_sub_station_stone, uniq_pikel
D:9:      layout_basic, slow_altar_2, kennysheep_mini,
          fedhas_bush_and_centaur_altar, kennysheep_potato
D:10:     layout_stronghold, mainiacjoe_overflow_alcove_4, serial_shops,
          nicolae_shop_crystal, roderic_serpentine_path
D:11:     layout_cave_pools, lair_entry_dummy, uniq_nergalle
D:12:     layout_roguey, orc_0_dummy, minmay_misc_feat_four_crosses
D:13:     layout_basic, drop_trap, minmay_misc_feat_square, led_sif_pool,
          uniq_kirke, uniq_snorg, uniq_frances, uniq_azrael
D:14:     layout_roguey, grunt_vaults_entry_tiered, nicolae_BIG_FREAKIN_CUBE,
          st_stairs_10, chequers_guarded_unrand_ignorance, uniq_agnes,
          uniq_jorgrun
Temple:   nicolae_temple_bog_church
Lair:1:   wad_woods_tower, layout_cave_pods, minivault_24, st_stairs_9,
          chequers_serial_rivers_micro_b, lemuel_fruit_tree
Lair:2:   layout_regular_city, minmay_swamp_entry_reptiles,
          spider_nest_entry_web_field, serial_bayou_shore_b, grunt_megastairs_2
Lair:3:   layout_cave_pods, kilobyte_rumbling_trees, uniq_urug
Lair:4:   layout_hall_layers, slime_entry_1
Lair:5:   hellmonk_lair_end_abyssal_woods, layout_cave_pods,
          serial_bayou_lagoon_a
Orc:1:    layout_caves, gammafunk_ghost_wrathful_warriors
Orc:2:    kennysheep_orc_mage_school, layout_caves,
          gammafunk_ghost_berserking_beasts

Skill      XL: |  1  2  3  4  5  6  7  8  9 10 11 12 13 14 15 |
---------------+----------------------------------------------+-----
Polearms       | 1 2 3 4 5 7 9 11 13 14 15 16 17 | 17.7
Shields        | 4 5 6 7 8 9 11 12 | 12.7
Fighting       | 4 5 6 7 8 10 11 13 14 | 14.9
Armour         | 4 5 7 8 9 11 13 14 15 | 15.5
Dodging        | 1 2 3 4 5 6 7 8 9 |  9.8
Invocations    | 3 4 5 |  5.0
Axes           | |  2.4

Action                   |  1- 3 |  4- 6 |  7- 9 | 10-12 | 13-15 || total
-------------------------+-------+-------+-------+-------+-------++-------
Melee: Demon trident     |    78 |   112 |   149 |   413 |   732 ||  1484
       Headbutt          |     9 |     7 |    18 |    57 |   145 ||   236
Invok: Heroism           |       |       |       |       |     2 ||     2
       Finesse           |       |       |       |       |     2 ||     2
  Use: Scroll            |     2 |    12 |     5 |     4 |     6 ||    29
       Potion            |       |     1 |     3 |     1 |     9 ||    14
Armor: Scale mail        |    13 |    28 |       |       |       ||    41
       Plate armour      |       |     3 |    67 |   133 |   218 ||   421
Dodge: Dodged            |    17 |    49 |    37 |    69 |   195 ||   367
       Repelled          |       |       |       |       |     4 ||     4
Block: Buckler           |    10 |    29 |    21 |     3 |       ||    63
       Kite shield       |       |       |       |   122 |   284 ||   406
       Reflection        |       |       |       |       |    12 ||    12
